[Event "FIDE Grand Swiss 2023"]
[Site "Villa Marina, Douglas, Isle of Man, Isle Of Man"]
[Date "2023.10.26"]
[Round "2.48"]
[White "Amar, Elham"]
[Black "Saric, Ivan"]
[Result "1/2-1/2"]
[TimeControl "40/90 + 30 + 30s/move"]
[WhiteFideId "1533533"]
[BlackFideId "14508150"]
[WhiteElo "2568"]
[BlackElo "2647"]

1. e4 c5 2. Nf3 Nc6 3. Nc3 g6 4. d4 cxd4 5. Nxd4 Bg7 6. Be3 Nf6 7. Bc4 O-O 8. Bb3 d6 9. f3 Qa5 10.
Qd2 Nxd4 11. Bxd4 Be6 12. O-O-O b5 13. Kb1 b4 14. Nd5 Bxd5 15. exd5 Qb5 16. Qd3 Qxd3 17. Rxd3 Rfc8 18. c3 bxc3 19.
Bxc3 Rab8 20. Re1 Rc7 21. Bd4 a5 22. Rc3 Rcb7 23. Rec1 Ne8 24. Bxg7 Kxg7 25. Rc8 Kf6 26. Rxb8 Rxb8 27.
Ba4 Ke5 28. Re1+ Kf6 29. Rc1 Ke5 30. Rc6 Rb4 31. b3 Nf6 32. Ra6 Rd4 33. Rxa5 Rd2 34. Bc6 Rxg2 35. b4 Kd4 36. b5 Nxd5 37.
Bxd5 Kxd5 38. Ra7 Kc5 39. a4 Rxh2 40. Rc7+ Kb6 41. Rc6+ Ka5 42. Ra6+ Kb4 43. b6 Kb3 44. Kc1 Kc3 45.
Kd1 Kd3 46. Kc1 Kc3 47. Kd1 Kd3 48. Kc1 Kc3 1/2-1/2

[Event "FIDE Grand Swiss 2023"]
[Site "Villa Marina, Douglas, Isle of Man, Isle Of Man"]
[Date "2023.10.26"]
[Round "2.49"]
[White "Yilmaz, Mustafa"]
[Black "Dardha, Daniel"]
[Result "1/2-1/2"]
[TimeControl "40/90 + 30 + 30s/move"]
[WhiteFideId "6302718"]
[BlackFideId "240990"]
[WhiteElo "2640"]
[BlackElo "2580"]

1. d4 Nf6 2. c4 e6 3. Nc3 Bb4 4. e3 O-O 5. Bd3 d5 6. cxd5 exd5 7. a3 Bd6 8. Qc2 c6 9. Nge2 Re8 10.
Bd2 Nbd7 11. f3 c5 12. g4 g6 13. dxc5 Nxc5 14. O-O-O Be6 15. Nd4 Nxd3+ 16. Qxd3 Nd7 17. Kb1 Ne5 18.
Qb5 a6 19. Qb3 Bc5 20. Nxe6 fxe6 21. e4 d4 22. Bf4 Nc6 23. Ne2 Rc8 24. h4 Qb6 25. Qxb6 Bxb6 26. h5 Rf8 27. hxg6 hxg6 28.
Rh3 e5 29. Bh6 Rf7 30. Nc1 Rh7 31. Nd3 Bc7 32. Rdh1 Bd6 33. Bg5 Rcc7 34. Rh6 Rxh6 35. Rxh6 Kg7 36. Rh3 Kg8 37. Rh6 Kg7 38.
Rh3 Kg8 39. Kc2 Rh7 40. Rxh7 Kxh7 41. Nc1 Kg7 42. Kd3 Kf7 43. Ne2 b5 44. Bd2 Nd8 45. f4 Ne6 46. fxe5 Bxe5 47. b4 a5 48.
Be1 axb4 49. axb4 Ke7 50. Bd2 Kf6 51. Ng1 Nf4+ 52. Bxf4 Bxf4 53. Kxd4 Bd6 54. e5+ Bxe5+ 55. Kc5 Bc3 56.
Nf3 Ke6 57. Nh4 Ke5 58. Nxg6 Kf6 59. Nf4 Bxb4+ 60. Kxb4 Kg5 61. Nd5 Kxg4 62. Kxb5 1/2-1/2

[Event "FIDE Grand Swiss 2023"]
[Site "Villa Marina, Douglas, Isle of Man, Isle Of Man"]
[Date "2023.10.26"]
[Round "2.50"]
[White "Parligras, Mircea-Emilian"]
[Black "Warmerdam, Max"]
[Result "1/2-1/2"]
[TimeControl "40/90 + 30 + 30s/move"]
[WhiteFideId "1204297"]
[BlackFideId "1048104"]
[WhiteElo "2561"]
[BlackElo "2636"]

1. d4 Nf6 2. c4 e6 3. Nf3 d5 4. g3 dxc4 5. Bg2 Bb4+ 6. Bd2 a5 7. a3 Be7 8. Qa4+ Nbd7 9. Qxc4 O-O 10.
Nc3 b6 11. Ne5 Ba6 12. Qa4 Nxe5 13. dxe5 Nd5 14. Qc6 Rb8 15. Nxd5 exd5 16. Qxd5 Qc8 17. Qb3 Qf5 18. Bf3 Bc5 19.
Bc3 Bb7 20. Qd1 Be4 21. O-O Rbd8 22. Qc1 Bxf3 23. exf3 Qxf3 24. Bxa5 Rd4 25. Bc3 Rg4 26. Qd1 Rxg3+ 27. hxg3 Qxg3+ 28. Kh1 Qhg1 Qg3+ 30. Kh1 Qh3+ 1/2-1/2

[Event "FIDE Grand Swiss 2023"]
[Site "Villa Marina, Douglas, Isle of Man, Isle Of Man"]
[Date "2023.10.26"]
[Round "2.51"]
[White "Idani, Pouya"]
[Black "Adhiban, B."]
[Result "1-0"]
[TimeControl "40/90 + 30 + 30s/move"]
[WhiteFideId "12510130"]
[BlackFideId "5018471"]
[WhiteElo "2633"]
[BlackElo "2551"]

1. e4 e5 2. Nc3 Nf6 3. Bc4 Nc6 4.
d3 Bb4 5. Bd2 Na5 6. Nge2 Nxc4 7. dxc4 Be7 8. Ng3 d6 9. Qf3 g6 10. Qd3 Be6 11. O-O h5 12. Nd5 h4 13. Ne2 h3 14.
g3 Nxd5 15. cxd5 Bd7 16. f4 Bg4 17. c4 O-O 18. f5 c6 19. Rf2 Qb6 20. Be3 Qa6 21. f6 Bd8 22. Nc3 Rc8 23. b3 Ba5 24.
Bc1 Rfd8 25. Qd2 Kf8 26. Qh6+ Ke8 27. Qg7 Rc7 28. Qg8+ Kd7 29. Qxf7+ Kc8 30. Qxg6 Bxc3 31. Qxg4+ Kb8 32.
Bb2 Bxb2 33. Rxb2 cxd5 34. exd5 Qb6+ 35. Kh1 Rf8 36. Rf1 a5 37. Qxh3 1-0

[Event "FIDE Grand Swiss 2023"]
[Site "Villa Marina, Douglas, Isle of Man, Isle Of Man"]
[Date "2023.10.26"]
[Round "2.52"]
[White "Fawzy, Adham"]
[Black "Kollars, Dmitrij"]
[Result "0-1"]
[TimeControl "40/90 + 30 + 30s/move"]
[WhiteFideId "10613129"]
[BlackFideId "12909572"]
[WhiteElo "2535"]
[BlackElo "2633"]

1. e4 e5 2. Nf3 Nc6 3. Bb5 Bc5 4. c3 Nf6 5. d4 exd4 6. e5 Nd5 7. O-O Be7 8. cxd4 d6 9. Nc3 Be6 10.
exd6 cxd6 11. Ne4 h6 12. Bd3 Qd7 13. Re1 O-O-O 14. Nc3 Kb8 15. Be4 Nxc3 16. bxc3 d5 17. Bf4+ Bd6 18. Bxd6+ Qxd6 19.
Bd3 Rc8 20. Re3 Rc7 21. Qd2 Rhc8 22. Rb1 g5 23. Rb5 Ne7 24. Rb3 Nc6 25. Bf1 g4 26. Ne1 h5 27. Bb5 Na5 28. Rb4 Bd7 29.
Bf1 h4 30. g3 Bf5 31. Re5 Be6 32. Re3 Bf5 33. Re5 Bd7 34. Re3 Qh6 35. Qe2 hxg3 36. hxg3 Nc4 37. Re7 Rh8 38. Bg2 Nd2 39. f4 gxf3 40. Nxf3 Ne4 41. Qe1 Rxc3 42. Rxd7 Rc1 43.
Rbxb7+ Kc8 44. Rdc7+ Rxc7 45. Rxc7+ Kxc7 46. Qa5+ Kb8 47. Qb5+ Kc8 48. Qd3 Qc1+ 49. Bf1 Rh3 50. Qa6+ Kd8 51.
Qa5+ Ke7 52. Qb4+ Kf6 53. Nd2 Rxg3+ 54. Kh2 Qxd2+ 0-1

[Event "FIDE Grand Swiss 2023"]
[Site "Villa Marina, Douglas, Isle of Man, Isle Of Man"]
[Date "2023.10.26"]
[Round "2.53"]
[White "Rodrigue-Lemieux, Shawn"]
[Black "Sargsyan, Shant"]
[Result "1/2-1/2"]
[TimeControl "40/90 + 30 + 30s/move"]
[WhiteFideId "2620049"]
[BlackFideId "13306766"]
[WhiteElo "2488"]
[BlackElo "2631"]

1. e4 c5 2. Nf3 d6 3. Bb5+ Nd7 4. Ba4 Ngf6 5. O-O e6 6. Re1 a6 7. c4 Be7 8. Nc3 O-O 9. d4 cxd4 10.
Nxd4 Ne5 11. Qe2 Qb6 12. Rd1 Qc5 13. Bb3 Bd7 14. Be3 Qc7 15. h3 Rfc8 16. Rac1 Nxc4 17. Bxc4 Qxc4 18. Qf3 Qc7 19.
Nd5 Qd8 20. Nxe7+ Qxe7 21. Ne2 Rxc1 22. Bxc1 Bc6 23. Nc3 Rd8 24. Qe3 e5 25. b3 Qe6 26. Bb2 h6 27. f3 Rd7 28. Rd2 Nh5 29.
Ne2 f5 30. exf5 Qxf5 31. Kh2 Qg6 32. Qf2 Rf7 33. Qh4 Bxf3 34. gxf3 Rxf3 35. Qg4 Rf2+ 36. Kg1 Qf7 37. Kh1 b5 38.
Bc3 Nf6 39. Qc8+ Kh7 40. Qc6 d5 41. Ng1 Ne4 42. Rxf2 Nxf2+ 43. Kg2 Nd3 44. Kh1 Nf2+ 45. Kg2 Nd3 46. Kh1 b4 47. Bd2 a5 48.
Qb5 Nf2+ 49. Kg2 Ne4 50. Be1 Qg6+ 51. Kh2 Nf6 52. Qe2 Qf5 53. Nf3 e4 54. Nh4 Qe6 1/2-1/2

[Event "FIDE Grand Swiss 2023"]
[Site "Villa Marina, Douglas, Isle of Man, Isle Of Man"]
[Date "2023.10.26"]
[Round "2.54"]
[White "Svane, Frederik"]
[Black "Krasenkow, Michal"]
[Result "1-0"]
[TimeControl "40/90 + 30 + 30s/move"]
[WhiteFideId "12923044"]
[BlackFideId "1113100"]
[WhiteElo "2626"]
[BlackElo "2531"]

1. e4 e5 2. Nf3 Nf6 3. Nxe5 d6 4. Nf3 Nxe4 5. d4 d5 6. Bd3 Bd6 7. O-O O-O 8. c4 c6 9. Qc2 h6 10.
c5 Bc7 11. Nc3 Bg4 12. Nxe4 Bxf3 13. Nd6 Bxd6 14. cxd6 Bg4 15. Bf4 Nd7 16. Rae1 Re8 17. Qc3 Nf8 18. h3 Bd7 19. Bc2 Qh4 20.
Bg3 Qf6 21. Be5 Qh4 22. Bg3 Qf6 23. Be5 Qh4 24. a4 b6 25. b4 a5 26. bxa5 Rxa5 27. Bg3 Qd8 28. Rxe8 Bxe8 29. Re1 Ra7 30.
Qd3 f6 31. Re3 Bf7 32. Qe2 Qc8 33. Qf3 Bg6 34. Bxg6 Nxg6 35. Qe2 Kf8 36. Qc2 f5 37. Rc3 Qe6 38. Rxc6 f4 39. d7 Qxd7 40. Rxg6 fxg3 41. Rxg3 Kg8 42.
Rc3 Ra8 43. Rc6 Qe8 44. g3 Kh8 45. Kg2 Kg8 46. h4 h5 47. Kh2 Qf8 48. Qe2 Rxa4 49. Re6 Ra8 50. Kg2 Qf7 51. Re7 Qg6 52.
Re5 Rd8 53. Rxh5 b5 54. Re5 b4 55. Re6 Qb1 56. Re7 Qg6 57. Re6 Qb1 58. Qg4 Qc1 59. Rb6 Rf8 60. Qe6+ Kh8 61. Qe7 Kg8 62.
Rb7 Qh6 63. Qg5 Qh7 64. Qxd5+ Kh8 65. Qe5 Qg6 66. Rxb4 Qc2 67. Qe3 Qc6+ 68. Kg1 Rf3 69. Rb8+ Kh7 70. Qg5 1-0

[Event "FIDE Grand Swiss 2023"]
[Site "Villa Marina, Douglas, Isle of Man, Isle Of Man"]
[Date "2023.10.26"]
[Round "2.55"]
[White "Kuzubov, Yuriy"]
[Black "Greenfeld, Alon"]
[Result "1/2-1/2"]
[TimeControl "40/90 + 30 + 30s/move"]
[WhiteFideId "14112906"]
[BlackFideId "2800039"]
[WhiteElo "2625"]
[BlackElo "2455"]

1. d4 Nf6 2. c4 c5 3. d5 g6 4. Nc3 Bg7 5. e4 d6 6. Bd3 O-O 7. h3 e6 8. Nf3 exd5 9. exd5 Re8+ 10.
Be3 Rxe3+ 11. fxe3 Qe7 12. O-O Nbd7 13. Qd2 Nh5 14. Qf2 Ne5 15. Be2 Nxf3+ 16. Bxf3 Nf6 17. Rae1 Nd7 18. Bg4 f5 19.
Bd1 Ne5 20. Qe2 Bd7 21. e4 f4 22. Rxf4 Qg5 23. Ref1 Bxh3 24. Nb5 Rd8 25. Nc7 Nd3 26. R4f3 Nc1 27. Qc2 Bd4+ 28. Kh1 Bg4 29.
g3 Qh6+ 30. Qh2 Qxh2+ 31. Kxh2 Bxf3 32. Bxf3 Nd3 33. Ne6 Re8 34. b3 Nb4 35. a3 Nc2 36. b4 b6 37. bxc5 bxc5 38. Be2 Be5 39.
Rb1 Nd4 40. Nxd4 Bxd4 41. Bf3 Kf7 42. Kg2 1/2-1/2

[Event "FIDE Grand Swiss 2023"]
[Site "Villa Marina, Douglas, Isle of Man, Isle Of Man"]
[Date "2023.10.26"]
[Round "2.56"]
[White "Wu, Li"]
[Black "Theodorou, Nikolas"]
[Result "1/2-1/2"]
[TimeControl "40/90 + 30 + 30s/move"]
[WhiteFideId "411086"]
[BlackFideId "4262875"]
[WhiteElo "2303"]
[BlackElo "2619"]

1. d4 Nf6 2. c4 e6 3. Nc3 Bb4 4. Qc2 d5 5. a3 Bxc3+ 6. Qxc3 dxc4 7. Qxc4 b6 8. Nf3 Ba6 9. Qa4+ Qd7 10.
Qxd7+ Nbxd7 11. b4 Ke7 12. Bg5 Rhc8 13. Ne5 c5 14. Nxd7 Kxd7 15. Bxf6 gxf6 16. dxc5 bxc5 17. h4 Bb7 18.
Rh3 cxb4 19. axb4 Rc4 20. b5 Rb4 21. Rha3 Kc7 22. e3 Kb6 23. g3 Rb2 24. R3a2 Rxa2 25. Rxa2 Rc8 26. Kd2 h6 27.
Bd3 f5 28. Ra4 Rd8 29. Kc3 Rc8+ 30. Kd2 Rd8 31. Kc3 Bf3 32. Ra6+ Kb7 33. Ra4 Rc8+ 34. Rc4 Rd8 35. Rd4 Bd5 36.
Bc4 Rc8 1/2-1/2

[Event "FIDE Grand Swiss 2023"]
[Site "Villa Marina, Douglas, Isle of Man, Isle Of Man"]
[Date "2023.10.26"]
[Round "2.57"]
[White "Yakubboev, Nodirbek"]
[Black "Kolbus, Dietmar"]
[Result "1-0"]
[TimeControl "40/90 + 30 + 30s/move"]
[WhiteFideId "14203987"]
[BlackFideId "4610628"]
[WhiteElo "2616"]
[BlackElo "2225"]

1. c4 c5 2. g3 g6 3. Bg2 Bg7 4. Nc3 Nc6 5. d3 Nf6 6. e4 d6 7. Nge2 Nd7 8. O-O Nf8 9. h3 Ne6 10.
f4 Ned4 11. Nxd4 cxd4 12. Nb1 e6 13. Nd2 O-O 14. Nf3 Ne7 15. g4 f5 16. Qe2 fxe4 17. Qxe4 d5 18. cxd5 exd5 19. Qe1 Nc6 20.
Bd2 Re8 21. Qd1 Qd6 22. Qb3 a5 23. Rae1 Bd7 24. Ng5 Ne7 25. f5 gxf5 26. gxf5 Bf6 27. Ne4 Qa6 28. Nxf6+ Qxf6 29. Qxb7 Bc6 30.
Qc7 Nxf5 31. Rxf5 Rxe1+ 32. Bxe1 Qxf5 33. Qxc6 Rd8 34. Bxa5 Rd7 35. Qc8+ Kf7 36. Bb6 1-0

b6 1-0